 Dungeon Crawl Stone Soup version 0.31-a0-845-g9abc20d24f (webtiles) character file.

Game seed: 6698277442442856477

225 javelincjr the Changeling (level 5, -16/39 HPs)
             Began as a Demonspawn Shapeshifter on Oct 2, 2023.
             Was an Initiate of Gozag.
             Demolished by an ogre
             ... wielding a +0 giant club
              (21 damage)
             ... on level 4 of the Dungeon.
             The game lasted 00:09:42 (2996 turns).

javelincjr the Changeling (Demonspawn Shapeshifter) Turns: 2996, Time: 00:09:42

Health: -16/39     AC:  8    Str: 16    XL:     5   Next: 68%
Magic:  14/14      EV:  8    Int: 11    God:    Gozag
Gold:   148        SH:  0    Dex: 13    Spells: 4/4 levels left

rFire   . . .        B - +4 quarterstaff (chaos)
rCold   . . .        (shield currently unavailable)
rNeg    . . .        A - +0 chain mail
rPois   .            (helmet currently unavailable)
rElec   .            (cloak currently unavailable)
rCorr   .            (gloves currently unavailable)
SInv    +            (boots currently unavailable)
Will    .....        (no amulet) Stlth
                     f - ring of magical power
HPRegen 0.26/turn    v - ring of see invisible
MPRegen 0.28/turn

%: no passive effects
@: beast-form
A: beast (slay +2), claws 2, magic regeneration
a: Begin Untransformation, Renounce Religion, Potion Petition, Call Merchant,
Bribe Branch


You were on level 4 of the Dungeon.
You worshipped Gozag.
Gozag was aware of your devotion.
You were a hulking beast.
You visited 1 branch of the dungeon, and saw 4 of its levels.

You collected 305 gold pieces.
You spent 130 gold pieces at shops.
You paid 27 gold pieces to Gozag.

Inventory:

Hand Weapons
 i - a +2 vampiric dagger
 j - a +2 rapier of flaming
 z - a +2 short sword of freezing
 B - a +4 quarterstaff of chaos (weapon)
Missiles
 l - 25 stones (quivered)
 x - 5 curare-tipped darts
Armour
 a - a +0 animal skin
 n - a +0 ring mail
 p - a +0 helmet
 A - a +0 chain mail (worn)
 C - a +0 cloak
Magical Staves
 t - a staff of air
Jewellery
 f - a ring of magical power (left claw)
 v - a ring of see invisible (right claw)
Talismans
 c - a beast talisman (active)
 d - a flux talisman
 g - a talisman of death
 h - a serpent talisman
Wands
 r - a wand of roots (6)
Scrolls
 e - a scroll of blinking {unknown}
 o - a scroll of acquirement {unknown}
 q - a scroll of enchant weapon {unknown}
 w - 2 scrolls of teleportation
 y - 2 scrolls of fear
Potions
 b - 2 potions of lignification
 k - a potion of might
 m - a potion of heal wounds {unknown}
 s - 2 potions of curing
 u - a potion of enlightenment {unknown}


   Skills:
 + Level 2.5 Fighting
 + Level 2.9 Dodging
 + Level 3.5 Unarmed Combat
 * Level 4.0 Shapeshifting


You had 4 spell levels left.
You didn't know any spells.
Your spell library contained the following spells:

 Spells                   Type           Power      Damage    Failure   Level
 Shock                    Conj/Air       0%         1d3       99%         1
 Swiftness                Air            0%         N/A       100%        3
 Airstrike                Air            0%         2d(0-16)  100%        4


Dungeon Overview and Level Annotations

Branches:
Dungeon (4/15)
 Temple: D:4-7

Altars:
Cheibriados
Gozag

Shops:
D:3 (?(::


Innate Abilities, Weirdness & Mutations

You are a hulking beast.
Your limbs bulge with bestial killing power. (Slay +2)
You have very sharp fingernails.
You regenerate magic rapidly.


Message History

Done exploring.
Search for what [Enter for "."]? .
As you read the scroll labelled VIABBEGIEC, it crumbles to dust.
It is a scroll of identify.
s - 2 potions of curing
As you read the scroll of identify, it crumbles to dust.
k - a potion of might What level of the Dungeon? (default 3, ? - help)
You open the door.
There is an open door here.
There is a fountain of clear blue water here.
You open the door.
There is an open door here.
There is a stone staircase leading down here.
You climb downwards.
There is a stone staircase leading up here.
m - a metallic emerald potion An ogre comes into view.
It is wielding a +0 giant club.
Found a stone staircase leading up.
The ogre shouts!
Throw: 26 stones
Press: ? - help, Q - select action, (/) - cycle Shift-Dir - straight line, f - ogre
Aim: an ogre, wielding a +0 giant club (73% to hit)
You throw a stone. The stone hits the ogre.
The ogre is lightly wounded.
You barely miss the ogre.
The ogre is lightly wounded.
The ogre hits you with a +0 giant club!
You hit the ogre.
The ogre suddenly seems more resistant.
The ogre is moderately wounded.
The ogre hits you with a +0 giant club!!
Ouch! That really hurt!
* * * LOW HITPOINT WARNING * * *
You are too injured to fight recklessly!
You sock the ogre!
Nothing appears to happen.
The ogre is severely wounded.
The ogre hits you with a +0 giant club!!
Ouch! That really hurt!
You die...
Your body crumbles into a pile of gold.

..# #.#
.######.#####
............#
#######.###.#
<#....#.# .#..#.#.#
##########O#..#.#.#
#........h.#....#.#
#.##########.####.#
#.# #....#.# #.#
###.##<#
#.############.##.#
#..............##.#
##############.##.#
######


You could see an ogre (resistant).

Vanquished Creatures
  Crazy Yiuf (D:3)
  A jelly (D:3)
  Natasha (D:3)
  Terence (D:3)
  Robin (D:2)
  3 adders
  2 worms
  2 dart slugs
  An orc (D:3)
  8 ball pythons
  5 bats
  9 endoplasms
  2 giant cockroaches
  12 goblins
  7 hobgoblins
  2 quokkas (D:1)
  2 frilled lizards (D:2)
  3 kobolds
  4 rats
67 creatures vanquished.

Notes
Turn   | Place    | Note
-------+----------+-------------------------------------------
     0 | D:1      | javelincjr the Demonspawn Shapeshifter began the quest for
                  | the Orb.
     0 | D:1      | Reached XP level 1. HP: 15/15 MP: 1/1
   343 | D:1      | Gained mutation: You have sharp fingernails. [demonic
                  | ancestry]
   343 | D:1      | Reached XP level 2. HP: 21/21 MP: 2/2
   768 | D:1      | Reached skill level 3 in Shapeshifting
  1009 | D:2      | Noticed Robin
  1017 | D:2      | Gained mutation: You have very sharp fingernails. [demonic
                  | ancestry]
  1017 | D:2      | Reached XP level 3. HP: 18/26 MP: 3/3
  1121 | D:2      | Killed Robin
  1323 | D:2      | Gained mutation: You regenerate magic rapidly. [demonic
                  | ancestry]
  1323 | D:2      | Reached XP level 4. HP: 33/33 MP: 4/4
  1421 | D:2      | Found an opulent altar of Gozag.
  1444 | D:2      | Became a worshipper of Gozag Ym Sagoz the Greedy
  1506 | D:3      | Found Esetel's Weapon Shop.
  1525 | D:3      | Bought 5 curare-tipped darts for 60 gold pieces
  1554 | D:3      | Found a snail-covered altar of Cheibriados.
  1718 | D:3      | Found Ifogeph's Magic Scroll Emporium.
  1722 | D:3      | Bought a scroll of fear for 40 gold pieces
  1722 | D:3      | Bought a scroll of teleportation for 30 gold pieces
  1899 | D:3      | Found Xiehuh's Book Emporium.
  2061 | D:3      | Reached XP level 5. HP: 20/38 MP: 5/5
  2134 | D:3      | Noticed Natasha
  2139 | D:3      | Killed Natasha
  2187 | D:3      | Found Tehio's Book Emporium.
  2276 | D:3      | Found Rutomab's Antique Weapon Boutique.
  2438 | D:3      | Noticed Terence
  2447 | D:3      | Killed Terence
  2588 | D:3      | Found a runed translucent door.
  2589 | D:3      | Noticed Crazy Yiuf
  2596 | D:3      | Killed Crazy Yiuf
  2597 | D:3      | Reached skill level 4 in Shapeshifting
  2992 | D:4      | Noticed an ogre
  2996 | D:4      | Demolished by an ogre

Illustrated notes

Levels and vault maps discovered:
D:1:      lightli_arrival_isolated_outpost, layout_basic,
          minmay_misc_feat_plants
D:2:      layout_basic, basic_altar, serial_park_tiny_1, uniq_robin
D:3:      layout_basic, cheibrodos_worm_habitat, tso_metal_star, serial_shops,
          nicolae_shop_behind_doors, shop, nicolae_shop_rolled_up,
          nicolae_shop_rolling_square, nicolae_shop_crystal, uniq_natasha,
          uniq_crazy_yiuf_cottage, uniq_terence
D:4:      layout_basic, nemelex_altar_shiori, serial_shops,
          nicolae_shop_window_shopping, nicolae_shop_dragon_depot,
          roderic_lattice_a, minmay_cut_off

Skill      XL: |  1  2  3  4  5 |
---------------+----------------+-----
Dodging        | 2 |  2.9
Shapeshifting  | 3 4 |  4.0
Unarmed Combat | 3 |  3.5
Fighting       | 2 |  2.5

Action                     |  1- 3 |  4- 6 || total
---------------------------+-------+-------++-------
  Melee: Unarmed           |    37 |       ||    37
         Rapier            |    47 |    78 ||   125
         Dagger            |     9 |       ||     9
         Punch             |     3 |     2 ||     5
         Quarterstaff      |       |     3 ||     3
  Throw: Stone             |     1 |     1 ||     2
    Use: Scroll            |       |     2 ||     2
   Stab: Sleeping          |     1 |       ||     1
 Armour: Animal skin       |    13 |       ||    13
         Ring mail         |    28 |    40 ||    68
         Chain mail        |       |     7 ||     7
  Dodge: Dodged            |    64 |    40 ||   104
   Form: Death             |     1 |       ||     1
         Beast             |     1 |       ||     1

Table legend: (Time is in decaauts)
 A = Elapsed time spent in this place.
 B = Non-inter-level travel time spent in this place.
 C = Inter-level travel time spent in this place.
 D = Time resting spent in this place.
 E = Time spent auto-exploring this place.
 F = Levels seen in this place.
 G = Mean time per level.
                   A        B        C        D        E       F      G
               +--------+--------+--------+--------+--------+-----+--------+
         Total |   3039 |   2913 |    126 |     46 |   2303 |   4 |  759.8 |
       Dungeon |   3039 |   2913 |    126 |     46 |   2303 |   4 |  759.8 |
               +--------+--------+--------+--------+--------+-----+--------+

Top non-repeatable levels by time:
     D:3: 1479 daAuts
     D:1: 997 daAuts
     D:2: 506 daAuts
     D:4: 56 daAuts
